 Dungeon Crawl Stone Soup version 0.30-a0-305-g026cb31310 (webtiles) character file.

Game seed: 2821190154594279582

91344 DrKenneth the Tortoise (level 15, -7/144 HPs)
             Began as a Minotaur Fighter on Oct 22, 2022.
             Was the Champion of Makhleb.
             Mangled by a tyrant leech (21 damage)
             ... on level 3 of the Lair of Beasts.
             The game lasted 01:48:45 (24276 turns).

DrKenneth the Tortoise (Minotaur Fighter)          Turns: 24276, Time: 01:48:45

Health: -7/144     AC: 40    Str: 34    XL:     15   Next: 54%
Magic:  19/21      EV: 11    Int:  5    God:    Makhleb [******]
Gold:   1500       SH: 13    Dex: 17    Spells: 14/14 levels left

rFire   . . .      SeeInvis .    y - +10 hammer of Invincibility {venom, *Slow rPois rCorr Str+7}
rCold   . . .      Faith    .    c - +0 buckler
rNeg    . . .      Spirit   .    F - +4 crystal plate armour "Trusted Companion" {rPois}
rPois   +          Reflect  +    C - +2 hat
rElec   .          Harm     .    z - +2 cloak
rCorr   +          Rampage  .    O - +2 pair of gloves {infuse}
Will    +....                    o - +1 pair of boots
Stlth   ..........               h - amulet of reflection
HPRegen 0.44/turn                E - +4 ring of evasion
MPRegen 0.17/turn                G - +6 ring of strength

@: about to teleport
A: horns 2, retaliatory headbutt
a: Renounce Religion, Minor Destruction, Lesser Servant of Makhleb, Major
Destruction, Greater Servant of Makhleb


You were on level 3 of the Lair of Beasts.
You worshipped Makhleb.
Makhleb was exalted by your worship.
You visited 4 branches of the dungeon, and saw 22 of its levels.
You also visited: Bailey and Gauntlet.

You collected 1630 gold pieces.
You spent 130 gold pieces at shops.

Inventory:

Hand Weapons
 y - the +10 hammer of Invincibility (weapon) {venom, *Slow rPois rCorr Str+7}
   (You found it on level 4 of the Dungeon)

   It poisons the flesh of those it strikes.
   Str:       It affects your strength (+7).
   rPois:     It protects you from poison.
   rCorr:     It protects you from acid and corrosion.
   *Slow:     It may slow you when you take damage.
 A - a +3 hammer of holy wrath
 B - the +11 falchion of Setyo {vorpal, Str+4}
   (You found it on level 4 of the Dungeon)

   It inflicts extra damage upon your enemies.
   Str:       It affects your strength (+4).
 T - a +6 shortbow of freezing
Armour
 c - a +0 buckler (worn)
 o - a +1 pair of boots (worn)
 z - a +2 cloak (worn)
 C - a +2 hat (worn)
 F - the +4 crystal plate armour "Trusted Companion" (worn) {rPois}
   (You acquired it on level 5 of the Lair of Beasts)

   rPois:     It protects you from poison.
 O - a +2 pair of gloves of infusion (worn)
 X - a scarf of shadows
Jewellery
 b - a ring of positive energy
 h - an amulet of reflection (around neck)
 x - a ring of see invisible
 E - a +4 ring of evasion (left hand)
 G - a +6 ring of strength (right hand)
 L - an amulet of regeneration
 P - a ring of willpower
Wands
 p - a wand of mindburst (26)
 r - a wand of roots (26)
 H - a wand of flame (31)
 K - a wand of acid (5)
Scrolls
 e - 5 scrolls of identify
 f - 6 scrolls of teleportation
 g - 2 scrolls of magic mapping
 l - 4 scrolls of fog
 n - a scroll of poison
 q - 4 scrolls of silence
 t - 5 scrolls of fear
 u - 3 scrolls of immolation
 Q - 4 scrolls of enchant weapon
 S - 2 scrolls of enchant armour
 V - 2 scrolls of summoning
 W - 3 scrolls of blinking
 Y - a scroll of amnesia
Potions
 a - a potion of ambrosia
 d - 6 potions of might
 i - 13 potions of curing
 j - 5 potions of invisibility
 k - 4 potions of brilliance
 m - 10 potions of heal wounds
 s - 4 potions of lignification
 v - 2 potions of attraction
 w - 6 potions of flight
 I - 2 potions of berserk rage {unknown}
 M - a potion of resistance
 N - 4 potions of mutation
 R - 2 potions of cancellation
 U - 4 potions of haste
Miscellaneous
 D - a box of beasts
 J - a condenser vane
 Z - a tin of tremorstones (2/2)


   Skills:
 + Level 16.3 Fighting
 - Level 4.5(11.1) Axes
 + Level 15.5(15.7) Maces & Flails
 + Level 16.3 Armour
 + Level 16.2 Shields
 + Level 9.4 Invocations


You had 14 spell levels left.
You didn't know any spells.
Your spell library contained the following spells:

 Spells                   Type           Power      Damage    Failure   Level
 Apportation              Tloc           0%         N/A       99%         1
 Sting                    Tmut/Pois      0%         1d3       99%         1
 Poisonous Vapours        Pois/Air       0%         N/A       100%        2
 Cause Fear               Hex            0%         N/A       100%        4
 Olgreb's Toxic Radiance  Pois           0%         N/A       100%        4
 Alistair's Intoxication  Tmut/Pois      0%         N/A       100%        5
 Yara's Violent Unravell  Hex/Tmut       0%         3d3       100%        5
 Dragon Form              Tmut           0%         N/A       100%        7
 Enfeeble                 Hex            0%         N/A       100%        7
 Dragon's Call            Summ           0%         N/A       100%        9


Dungeon Overview and Level Annotations

Branches:
Dungeon (15/15)            Temple (1/1) D:6            Lair (5/5) D:8
  Swamp (1/4) Lair:3       Spider (0/4) Lair:3        Slime (0/5) Lair:5
    Orc (0/2) D:10         Vaults (0/5) D:13         Depths (0/4) D:15
 Bailey (visited)         Gauntlet (visited)

Altars:
Ashenzari
Cheibriados
Dithmenos
Elyvilon
Fedhas
Gozag
Hepliaklqana
Kikubaaqudgha
Makhleb
Nemelex Xobeh
Okawaru
Qazlal
Ru
Sif Muna
Trog
Uskayaw
Vehumet
Wu Jian
Xom
Yredelemnul
Zin
The Shining One
Jiyva

Shops:
D:2 *   D:6 *   D:7 *(   D:8 *   D:15 *

Annotations:
D:5 3 runed translucent doors, purpskrrrp's ghost, novice MiFi
D:9 3 runed translucent doors, SirDiesAlot's ghost, novice DEFE
D:14 3 runed translucent doors, jejorda2's ghost, journeyman MfBe
Lair:4 exclusion: oklob plant


Innate Abilities, Weirdness & Mutations

You have a pair of horns on your head.
You reflexively headbutt those who attack you in melee.


Message History

The tyrant leech is lightly wounded.
You block the goliath frog's attack. You block the spriggan rider's attack.
The tyrant leech bites you!
* * * LOW HITPOINT WARNING * * *
The tyrant leech draws strength from your injuries!
You miss the tyrant leech. Your headbutt misses the tyrant leech.
You block the swamp dragon's attack.
The swamp dragon claws you but does no damage.
You block the swamp dragon's attack. The goliath frog hits you!
* * * LOW HITPOINT WARNING * * *
You are splashed with acid.
You resist.
* * * LOW HITPOINT WARNING * * *
The spriggan rider hits you but does no damage.
You are too injured to fight recklessly!
You feel much better.
The tyrant leech bites you but does no damage.
You block the goliath frog's attack. The swamp dragon closely misses you.
You block the swamp dragon's attack.
The swamp dragon tramples you but does no damage.
The spriggan rider hits you but does no damage.
You feel much better.
The goliath frog no longer looks unusually strong.
You block the goliath frog's attack.
The swamp dragon bites you but does no damage.
The swamp dragon barely misses you. You block the swamp dragon's attack.
The tyrant leech bites you!!
* * * LOW HITPOINT WARNING * * *
The tyrant leech draws strength from your injuries!
The spriggan rider hits you but does no damage.
As you read the scroll of teleportation, it crumbles to dust.
You feel strangely unstable. The goliath frog hits you.
* * * LOW HITPOINT WARNING * * *
You are splashed with acid.
You resist.
* * * LOW HITPOINT WARNING * * *
The swamp dragon bites you.
* * * LOW HITPOINT WARNING * * *
The swamp dragon claws you.
* * * LOW HITPOINT WARNING * * *
You block the swamp dragon's attack. The tyrant leech bites you!!
You die...

.P###################.#..########
...........>.....................
.####....PP....P♣.#.#..#.........
##.###..##......♣♣#.######...P##.
...# #.####....≈♣♣...###......###
.>.# #..##....♣♣≈♣≈...........#..
...# #..+.....§§§≈≈≈....##..>#...
^.## #..##...°§§w≈≈≈...###.......
.#####'####..≈§i@§≈≈≈#####.......
.#..##..##...♣°D§F≈≈≈# #......##
##..#...#.P..♣°≈≈§♣♣.#####....#..
..............♣°≈§≈..............
...............♣♣♣...............
...........^....♣♣...............
.................................
....P###.###.#.........(.........
...###P####.#....................


You could see a swamp dragon (strong), a tyrant leech (strong, very poisoned), a
spriggan rider and a goliath frog.

Vanquished Creatures
  Rupert (Lair:5)
  A minotaur (Gauntlet)
  A dire elephant (Lair:2)
  Harold (Lair:2)
  2 hydras
  8 vault guards (D:13)
  2 catoblepae
  2 centaur warriors
  An ogre mage (D:15)
  2 boulder beetles
  9 two-headed ogres
  3 death yaks (Lair:5)
  2 tengu warriors (D:15)
  Amaemon (Lair:1)
  A fire crab (Lair:5)
  A glowing orange brain (D:15)
  A skeletal warrior (D:15)
  A spriggan druid (Swamp:1)
  3 lindwurms (Lair:5)
  An orc knight (D:15)
  2 deep elf pyromancers
  A will-o-the-wisp (Lair:3)
  2 cyclopes (D:14)
  11 ugly things
  A wolf spider (Lair:3)
  4 manticores
  A salamander (D:15)
  3 slime creatures (D:15)
  34 elephants
  A smoke demon (Gauntlet)
  5 black mambas
  2 torpor snails (Lair:5)
  10 cane toads
  An orange demon (Lair:1)
  2 gargoyles
  An unseen horror (D:11)
  7 komodo dragons
  A tengu conjurer (D:15)
  Maggie (Lair:2)
  A freezing wraith (D:14)
  3 rime drakes
  An efreet (D:14)
  A merfolk (shapeshifter) (D:12)
  A troll (shapeshifter) (D:8)
  3 meliai (D:14)
  2 trolls
  4 hornets
  10 polar bears
  2 raiju (Lair:5)
  12 blink frogs
  2 dream sheep (Lair:5)
  3 flying skulls (Gauntlet)
  A wraith (D:12)
  A shadow (D:10)
  6 spriggans
  A wyvern (Lair:1)
  A human (shapeshifter) (D:15)
  4 fire bats (Lair:4)
  A redback (shapeshifter) (D:15)
  47 yaks
  7 basilisks
  A steam dragon (D:7)
  A neqoxec (Gauntlet)
  2 chaos spawn (Gauntlet)
  7 vampire mosquitoes
  10 wargs
  2 acid dragons
  Duvessa (D:6)
  A naga (D:15)
  8 water moccasins
  An ice beast (D:5)
  13 hell hounds (Lair:5)
  9 black bears (Lair:5)
  5 orc warriors
  A sky beast (D:7)
  4 ogres
  19 wolves
  2 centaurs
  Blork the orc (D:6)
  3 kobold brigands
  9 bullfrogs
  3 necrophages
  4 gnoll sergeants
  4 scorpions
  7 wights
  Dowan (D:6)
  7 killer bees (D:9)
  A howler monkey (D:9)
  2 electric eels
  4 crimson imps (Gauntlet)
  Crazy Yiuf (D:4)
  3 hounds (D:6)
  2 gnoll boudas
  14 orc priests
  5 jellies
  Jessica (D:3)
  6 iguanas
  14 orc wizards
  Terence (D:2)
  11 adders
  26 gnolls
  2 shadow imps (D:8)
  2 ufetubi (D:5)
  2 dart slugs (D:2)
  29 orcs
  8 ball pythons
  3 endoplasms
  A giant cockroach (D:4)
  16 goblins
  7 hobgoblins
  7 jackals
  4 quokkas
  3 bats
  A frilled lizard (D:1)
  20 kobolds
  3 rats (D:1)
573 creatures vanquished.

Vanquished Creatures (collateral kills)
  An ogre mage (D:15)
  3 two-headed ogres (D:15)
  2 skeletal warriors (D:15)
  A naga mage (D:15)
  A water moccasin (Lair:5)
  2 black bears (Lair:5)
  An ogre (D:15)
  A jelly (Lair:5)
12 creatures vanquished.

Vanquished Creatures (others)
  2 bushes (Lair:4)
  A fire vortex (Lair:4)
  3 foxfires (Swamp:1)
  76 fungi
  116 plants
198 creatures vanquished.

Grand Total: 783 creatures vanquished

Notes
Turn   | Place    | Note
-------+----------+-------------------------------------------
     0 | D:1      | DrKenneth the Minotaur Fighter began the quest for the Orb.
     0 | D:1      | Reached XP level 1. HP: 19/19 MP: 0/0
   125 | D:1      | Reached XP level 2. HP: 22/27 MP: 1/1
   262 | D:1      | Found a faded altar of an unknown god.
   529 | D:2      | Reached XP level 3. HP: 28/33 MP: 2/2
   989 | D:2      | Noticed Terence
   990 | D:2      | Found Naunlei's General Store.
  1000 | D:2      | Killed Terence
  1001 | D:2      | Reached XP level 4. HP: 14/41 MP: 3/3
  1696 | D:3      | Noticed Jessica
  1701 | D:3      | Killed Jessica
  1951 | D:3      | Reached XP level 5. HP: 47/47 MP: 4/4
  2474 | D:4      | Reached skill level 5 in Fighting
  2676 | D:4      | Reached skill level 5 in Armour
  2756 | D:4      | Reached skill level 5 in Shields
  2757 | D:4      | Reached XP level 6. HP: 44/56 MP: 5/5
  2844 | D:4      | Identified the +11 falchion of Setyo {vorpal, Str+4}
  2922 | D:4      | Identified the +10 hammer of Invincibility {venom, *Slow
                  | rPois rCorr Str+7}
  2941 | D:4      | Found a runed translucent door.
  2942 | D:4      | Noticed Crazy Yiuf
  3027 | D:4      | Found a shimmering blue altar of Sif Muna.
  3111 | D:4      | Killed Crazy Yiuf
  3208 | D:5      | Entered Level 5 of the Dungeon
  3219 | D:5      | Reached skill level 1 in Maces & Flails
  3360 | D:5      | Found a runed translucent gate.
  3360 | D:5      | Found a runed translucent gate.
  3360 | D:5      | Noticed purpskrrrp's ghost (novice MiFi)
  3361 | D:5      | Found a runed translucent gate.
  3415 | D:5      | Noticed an ice beast
  3423 | D:5      | Killed an ice beast
  3424 | D:5      | Reached XP level 7. HP: 51/62 MP: 6/6
  3539 | D:5      | Found a bloodstained altar of Trog.
  4153 | D:6      | Reached XP level 8. HP: 66/71 MP: 7/7
  4241 | D:6      | Noticed a two-headed ogre
  4250 | D:6      | Killed a two-headed ogre
  4251 | D:6      | Reached skill level 5 in Maces & Flails
  4323 | D:6      | Found Mugiox Bux's CLEARANCE SALE!.
  4396 | D:6      | Identified the +5 scale mail "Xecit" {rElec rF++ rCorr
                  | Dex-4}
  4446 | D:6      | Noticed Dowan
  4446 | D:6      | Noticed Duvessa
  4450 | D:6      | Reached XP level 9. HP: 76/81 MP: 8/8
  4458 | D:6      | Killed Duvessa
  4464 | D:6      | Killed Dowan
  4484 | D:6      | Found a staircase to the Ecumenical Temple.
  4494 | Temple   | Entered the Ecumenical Temple
  4501 | Temple   | Became a worshipper of Makhleb the Destroyer
  4773 | D:6      | Noticed Blork the orc
  4782 | D:6      | Killed Blork the orc
  5244 | D:7      | Found Xiczoepp's Hydra Hut.
  5251 | D:7      | Noticed a five-headed hydra
  5546 | D:7      | Found a radiant altar of Vehumet.
  5657 | D:7      | Found Ralek's General Store.
  5666 | D:7      | Bought 2 potions of heal wounds for 130 gold pieces
  5863 | D:7      | Found a sparkling altar of Nemelex Xobeh.
  6412 | D:8      | Noticed a cane toad
  6413 | D:8      | a cane toad changed into a troll
  6413 | D:8      | Noticed a troll (shapeshifter)
  6419 | D:8      | Killed a troll
  6446 | D:8      | Reached * piety under Makhleb
  6493 | D:8      | Found a hide-covered altar of Uskayaw.
  6674 | D:8      | Reached XP level 10. HP: 91/91 MP: 9/9
  6733 | D:8      | Found a staircase to the Lair.
  6945 | D:8      | Found Kixen's Overcharged Wands.
  7161 | D:9      | Found a glowing golden altar of the Shining One.
  7212 | D:9      | Identified the +1 leather armour of the Boiling Point
                  | {rElec Int+4 Dex+2 Slay-6}
  7343 | D:9      | Reached skill level 10 in Fighting
  7346 | D:9      | Reached skill level 10 in Armour
  7346 | D:9      | Reached skill level 10 in Shields
  7398 | D:9      | Found a flagged portal.
  7413 | Bailey   | Entered a bailey
  7498 | Bailey   | Noticed a two-headed ogre
  7503 | Bailey   | Killed a two-headed ogre
  7532 | Bailey   | Identified the +1 acid dragon scales of Noughts and Crosses
                  | {Fly rPois rCorr Dex+7 Stlth-}
  7696 | D:9      | Reached ** piety under Makhleb
  7809 | D:9      | Reached XP level 11. HP: 101/101 MP: 8/10
  8324 | D:9      | Found a runed translucent gate.
  8324 | D:9      | Noticed SirDiesAlot's ghost (novice DEFE)
  8325 | D:9      | Found a runed translucent gate.
  8325 | D:9      | Found a runed translucent gate.
  8330 | D:9      | Found a viscous altar of Jiyva.
  8583 | Lair:1   | Entered Level 1 of the Lair of Beasts
  8828 | Lair:1   | Reached skill level 10 in Maces & Flails
  9090 | Lair:1   | Noticed Amaemon
  9100 | Lair:1   | Killed Amaemon
  9230 | Lair:1   | Reached *** piety under Makhleb
 10095 | Lair:2   | Reached XP level 12. HP: 110/113 MP: 4/11
 10327 | Lair:2   | Noticed a dire elephant
 10332 | Lair:2   | Reached skill level 1 in Invocations
 10495 | Lair:2   | Killed a dire elephant
 10773 | Lair:2   | Noticed Maggie
 10785 | Lair:2   | Killed Maggie
 10983 | Lair:2   | Noticed Harold
 10993 | Lair:2   | Killed Harold
 11113 | Lair:2   | Reached **** piety under Makhleb
 11933 | Lair:3   | Reached XP level 13. HP: 122/122 MP: 12/15
 11947 | Lair:3   | Found a staircase to the Swamp.
 12303 | Lair:3   | Found a hole to the Spider Nest.
 12954 | Lair:4   | Found a blossoming altar of Fedhas.
 13241 | Lair:4   | Identified the +0 ring mail "Tusiof" {Harm rC+ Will- SInv}
 13286 | Lair:4   | Reached skill level 5 in Invocations
 14144 | Lair:5   | Entered Level 5 of the Lair of Beasts
 14145 | Lair:5   | Noticed Rupert
 14145 | Lair:5   | Paralysed by Rupert for 4 turns
 14191 | Lair:5   | Paralysed by Rupert for 3 turns
 14205 | Lair:5   | Killed Rupert
 14815 | Lair:5   | Found a staircase to the Slime Pits.
 15575 | Lair:5   | Reached ***** piety under Makhleb
 15610 | Lair:5   | Reached XP level 14. HP: 90/133 MP: 0/18
 15649 | Lair:5   | Identified a scroll of acquirement
 15649 | Lair:5   | Acquired the +4 crystal plate armour "Trusted Companion"
                  | {rPois}
 15972 | Lair:5   | Identified the +3 leather armour of the Blue Moon {Int+2
                  | Dex+3}
 16883 | D:10     | Entered Level 10 of the Dungeon
 16994 | D:10     | Reached skill level 15 in Fighting
 17124 | D:10     | Reached skill level 15 in Armour
 17281 | D:10     | Reached skill level 15 in Shields
 17374 | D:10     | Found a staircase to the Orcish Mines.
 17581 | D:10     | Found a shimmering altar of Xom.
 17657 | D:11     | You fall into a shaft and drop 2 floors!
 18119 | D:13     | Found a gate to the Vaults.
 18820 | D:14     | Found a runed translucent gate.
 18822 | D:14     | Found a runed translucent gate.
 18822 | D:14     | Noticed a tengu reaver
 19046 | D:14     | Found a runed translucent gate.
 19047 | D:14     | Noticed jejorda2's ghost (journeyman MfBe)
 21815 | D:11     | You fall into a shaft and drop 2 floors!
 21889 | D:15     | Entered Level 15 of the Dungeon
 21897 | D:15     | Found an opulent altar of Gozag.
 21970 | D:15     | Reached XP level 15. HP: 143/143 MP: 4/20
 21972 | D:15     | Reached ****** piety under Makhleb
 22207 | D:15     | Found a gate leading to a gauntlet.
 22254 | Gauntlet | Entered a Gauntlet
 22254 | Gauntlet | Found a large runed translucent door.
 22254 | Gauntlet | Found a large runed translucent door.
 22254 | Gauntlet | Found a large runed translucent door.
 22254 | Gauntlet | Found a large runed translucent door.
 22254 | Gauntlet | Found a runed translucent door.
 22254 | Gauntlet | Found a large runed translucent door.
 22254 | Gauntlet | Found a large runed translucent door.
 22254 | Gauntlet | Found a transporter.
 22254 | Gauntlet | Found a transporter.
 22254 | Gauntlet | Found a large runed translucent door.
 22254 | Gauntlet | Found a large runed translucent door.
 22254 | Gauntlet | Found a runed translucent gate.
 22254 | Gauntlet | Found a runed translucent gate.
 22254 | Gauntlet | Found a transporter.
 22254 | Gauntlet | Found a transporter.
 22266 | Gauntlet | Found a runed translucent door.
 22267 | Gauntlet | Found a large runed translucent door.
 22267 | Gauntlet | Found a large runed translucent door.
 22267 | Gauntlet | Found a large runed translucent door.
 22267 | Gauntlet | Found a large runed translucent door.
 22268 | Gauntlet | Found a large runed translucent door.
 22268 | Gauntlet | Found a large runed translucent door.
 22269 | Gauntlet | Found a large runed translucent door.
 22269 | Gauntlet | Found a large runed translucent door.
 22273 | Gauntlet | Found a runed translucent gate.
 22279 | Gauntlet | Found a transporter.
 22295 | Gauntlet | Found a transporter.
 22302 | Gauntlet | Found a transporter.
 22308 | Gauntlet | Found a transporter.
 22331 | Gauntlet | Found a transporter.
 22339 | Gauntlet | Found a transporter.
 22407 | Gauntlet | Found a transporter.
 22432 | Gauntlet | Found a transporter.
 22579 | Gauntlet | Reached skill level 15 in Maces & Flails
 22719 | Gauntlet | Identified the +0 scimitar "Zetriukh" {drain, Int+4 SInv}
 22834 | Gauntlet | Identified the +0 ring mail of Generosity {Harm rF- Stlth+}
 23450 | D:15     | Found a staircase to the Depths.
 23653 | D:15     | Found Xeshra Qusmif's Serpentskin Sales.
 24210 | Swamp:1  | Entered Level 1 of the Swamp
 24273 | Lair:3   | HP: 6/144 [goliath frog (8)]
 24276 | Lair:3   | Mangled by a tyrant leech

Illustrated notes

Levels and vault maps discovered:
D:1:      lightli_molten_gateway, layout_rooms,
          dreamdust_ecumenical_altar_hidden_monk_grotto, nicolae_grassy_gnolls
D:2:      layout_basic, serial_shops, nicolae_diamond_shop, uniq_terence
D:3:      layout_loops_ring, minmay_hedge_maze, chequers_jeans,
          hangedman_decor_lopped, uniq_jessica
D:4:      kennysheep_the_goblin_king, layout_rooms,
          mainiacjoe_overflow_alcove_1, uniq_crazy_yiuf_cottage
D:5:      layout_loops_ring, mainiacjoe_overflow_24_doors,
          gammafunk_ghost_nasty_kobolds
D:6:      cheibrodos_quashed, layout_basic, temple_green,
          nicolae_shop_clearance, uniq_blork_the_orc, uniq_duvessa
D:7:      layout_basic, mainiacjoe_overflow_catwalk, vehumet_altar_wand_db,
          serial_shops, shop, doesnt_shop_hydraphobe
D:8:      minmay_general_purpose_star, layout_basic,
          eat_drink_and_be_merry_uskayaw, lair_entry_dummy,
          nicolae_shop_overcharged_wands
D:9:      layout_roguey, lemuel_tele_altar, enter_bailey_6,
          gammafunk_ghost_ooze, hex_medium, eino_jars
D:10:     layout_long_grid, tgw_xom, minmay_orc_entry_guard_dogs
D:11:     layout_loops_cross
D:12:     layout_cave_pools, minmay_variable_closet, kennysheep_generic_room_2
D:13:     layout_grid_maze, erik_vaults_2, nicolae_straight_to_the_point
D:14:     layout_loops_ring, gammafunk_ghost_split
D:15:     gammafunk_enter_depths_forms, layout_cave_pods,
          grunt_gozag_breadcrumbs, gauntlet_entry_generic, guppyfry_shop_venom
Temple:   nicolae_temple_no_exploring_needed
Lair:1:   layout_loops_ring, amcnicky_mini_pool_medium, uniq_amaemon
Lair:2:   mu_elephants_graveyard, layout_chaotic_city, uniq_harold, uniq_maggie
Lair:3:   layout_regular_city, swamp_mist_pool, spider_nest_entry_funnel_web
Lair:4:   layout_gridlike, serial_forest, infiniplex_forest_clump_medium,
          infiniplex_forest_straight_3, infiniplex_forest_side_room,
          infiniplex_forest_lined_2, infiniplex_forest_clump_small,
          infiniplex_forest_clump_C, infiniplex_forest_clump_double, tgw_fedhas,
          infiniplex_staircase_pool
Lair:5:   hangedman_lair_caniforms_friends, layout_regular_city,
          hangedman_lair_in_review, nicolae_slime_entry_slimehenge,
          serial_bayou_shore_b, uniq_rupert
Swamp:1:  layout_falls_marsh, nicolae_swamp_triple_paths, swamp_pool4,
          wheals_swamp_sinkhole

Skill      XL: |  1  2  3  4  5  6  7  8  9 10 11 12 13 14 15 |
---------------+----------------------------------------------+-----
Fighting       | 4 5 6 7 9 10 12 13 14 15 16 | 16.3
Armour         | 4 5 6 7 9 10 12 13 14 15 16 | 16.3
Shields        | 4 5 6 7 9 10 12 13 14 15 16 | 16.2
Axes           | 3 4 |  4.5
Maces & Flails | 2 3 5 7 9 11 12 13 14 15 | 15.5
Invocations    | 4 6 8 9 |  9.4

Action                   |  1- 3 |  4- 6 |  7- 9 | 10-12 | 13-15 || total
-------------------------+-------+-------+-------+-------+-------++-------
Melee: War axe           |    66 |    94 |       |       |       ||   160
       Headbutt          |    13 |    19 |    29 |   114 |   271 ||   446
       Mace              |       |    28 |   181 |   419 |   888 ||  1516
Invok: Minor Destruction |       |       |       |     2 |    53 ||    55
       Lesser Servant of |       |       |       |       |     6 ||     6
       Major Destruction |       |       |       |       |     1 ||     1
       Greater Servant o |       |       |       |       |     1 ||     1
Evoke: Wand              |       |       |       |    35 |       ||    35
  Use: Scroll            |       |       |    13 |     9 |    10 ||    32
       Potion            |       |       |       |       |     5 ||     5
Armor: Scale mail        |    22 |       |       |       |       ||    22
       Ring mail         |       |    45 |    48 |   195 |   128 ||   416
       Crystal plate arm |       |       |       |       |   283 ||   283
Dodge: Dodged            |    25 |    39 |    80 |   218 |   287 ||   649
Block: Buckler           |    45 |    72 |    91 |   274 |   483 ||   965
       Reflection        |     2 |     5 |     2 |     3 |    11 ||    23

Table legend: (Time is in decaauts)
 A = Elapsed time spent in this place.
 B = Non-inter-level travel time spent in this place.
 C = Inter-level travel time spent in this place.
 D = Time resting spent in this place.
 E = Time spent auto-exploring this place.
 F = Levels seen in this place.
 G = Mean time per level.
                   A        B        C        D        E       F      G
               +--------+--------+--------+--------+--------+-----+--------+
         Total |  24145 |  21852 |   2293 |   1213 |  12050 |  24 | 1006.0 |
       Dungeon |  14914 |  13070 |   1844 |    301 |   7531 |  15 |  994.3 |
        Temple |     14 |     14 |      0 |      0 |      0 |   1 |   14.0 |
          Lair |   8307 |   7859 |    448 |    912 |   4212 |   5 | 1661.4 |
         Swamp |     15 |     15 |      0 |      0 |      0 |   1 |   15.0 |
        Bailey |    254 |    254 |      0 |      0 |     50 |   1 |  254.0 |
      Gauntlet |    638 |    638 |      0 |      0 |    256 |   1 |  638.0 |
               +--------+--------+--------+--------+--------+-----+--------+

Top non-repeatable levels by time:
  Lair:5: 2189 daAuts
  Lair:4: 1629 daAuts
  Lair:1: 1603 daAuts
  Lair:2: 1573 daAuts
    D:15: 1413 daAuts
    D:13: 1362 daAuts
  Lair:3: 1311 daAuts
    D:11: 1191 daAuts
     D:2: 1126 daAuts
     D:6: 1100 daAuts
     D:7: 1100 daAuts
     D:9: 1041 daAuts
     D:8: 1028 daAuts
    D:12: 995 daAuts
     D:5: 943 daAuts
